 Dungeon Crawl Stone Soup version 0.26.1-10-gdfb7c7de75 (webtiles) character file.

Game seed: 5338733853410635058

103467 Electrofox the Peltast (level 15, -6/138 HPs)
             Began as a Minotaur Fighter on Apr 6, 2021.
             Was a High Priest of Okawaru.
             Mangled by an alligator (11 damage)
             ... on level 2 of the Swamp on Apr 7, 2021.
             The game lasted 03:14:23 (34638 turns).

Electrofox the Peltast (Minotaur Fighter)          Turns: 34638, Time: 03:14:24

Health: -6/138     AC: 25    Str: 23    XL:     15   Next: 89%
Magic:  13/19      EV: 14    Int: 12    God:    Okawaru [*****.]
Gold:   2982       SH:  0    Dex: 10    Spells: 14/14 levels left

rFire    + . .     SeeInvis .   a - +3 trident (venom)
rCold    . . .     Faith    .   (no shield)
rNeg     + . .     Spirit   .   U - +1 plate armour of Peonaa Deast {rElec rF+ rN+ Int+3}
rPois    +         Reflect  .   Q - +2 hat {Will+}
rElec    +         Harm     .   (no cloak)
rCorr    .         Rampage  .   P - +0 pair of gloves
Will     ++...                  N - +0 pair of boots
Stlth    ..........             (no amulet)
HPRegen  0.33/turn              e - ring of poison resistance
MPRegen  0.16/turn              B - +4 ring of evasion

@: heroism, finesse
A: retaliatory headbutt, horns 2
a: Renounce Religion, Heroism, Finesse


You were on level 2 of the Swamp.
You worshipped Okawaru.
Okawaru was extremely pleased with you.
You visited 5 branches of the dungeon, and saw 25 of its levels.
You also visited: Bailey.

You collected 2982 gold pieces.

Inventory:

Hand Weapons
 a - a +3 trident of venom (weapon)
 b - a +0 fustibalus
 H - the +9 glaive of Okawaru's Pride {vorpal, rC++}
   (Okawaru gifted it to you on level 2 of the Dungeon)

   It inflicts extra damage upon your enemies.
   It greatly protects you from cold.
 X - a +1 flail of holy wrath
Missiles
 l - 12 javelins (quivered)
 q - 105 poisoned darts
 r - 309 sling bullets
 F - 3 silver javelins
 S - 6 curare-tipped darts
Armour
 c - a +1 kite shield
 M - a +3 plate armour of positive energy
 N - a +0 pair of boots (worn)
 P - a +0 pair of gloves (worn)
 Q - a +2 hat of willpower (worn)
 U - the +1 plate armour of Peonaa Deast (worn) {rElec rF+ rN+ Int+3}
   (Okawaru gifted it to you on level 4 of the Spider Nest)

   It affects your intelligence (+3).
   It protects you from fire.
   It insulates you from electricity.
   It protects you from negative energy.
Jewellery
 e - a ring of poison resistance (left hand)
 B - a +4 ring of evasion (right hand)
 L - an uncursed ring of see invisible
 T - an uncursed ring of protection from fire
 W - an uncursed ring of magical power
Wands
 s - a wand of acid (40)
 z - a wand of digging (5)
 C - a wand of enslavement (15)
 D - a wand of random effects (31)
 R - a wand of disintegration (9)
 Y - a wand of flame (18)
Scrolls
 g - 5 scrolls of enchant armour
 h - 3 scrolls of identify
 i - 2 scrolls of fear
 k - 8 scrolls of enchant weapon
 n - 11 scrolls of remove curse
 u - a scroll of magic mapping
 x - 10 scrolls of teleportation
 y - 2 scrolls of blinking
 E - a scroll of immolation
 O - a scroll of summoning
 V - a scroll of amnesia
Potions
 d - 2 potions of might
 f - 4 potions of heal wounds
 j - a potion of cancellation
 o - 4 potions of haste
 p - a potion of resistance
 t - 5 potions of lignification
 v - 10 potions of curing
 w - 3 potions of berserk rage
 A - 3 potions of brilliance
 G - 2 potions of mutation
 J - 2 potions of ambrosia
 K - 2 potions of flight
Miscellaneous
 m - a box of beasts
 I - a condenser vane (inert)


   Skills:
 + Level 14.1(19.1) Fighting
 * Level 9.5(17.4) Axes
 - Level 12.9(19.0) Polearms
 - Level 11.2(17.8) Slings
 - Level 9.6(16.5) Throwing
 + Level 13.3(18.3) Armour
 - Level 15.0(20.0) Shields
 - Level 7.0 Invocations
 - Level 2.3 Evocations


You had 14 spell levels left.
You didn't know any spells.
Your spell library contained the following spells:

 Spells                   Type           Power        Failure   Level
 Animate Skeleton         Necr           0%           92%         1
 Apportation              Tloc           0%           92%         1
 Beastly Appendage        Tmut           0%           92%         1
 Corona                   Hex            0%           92%         1
 Foxfire                  Conj/Fire      0%           92%         1
 Freeze                   Ice            0%           92%         1
 Summon Small Mammal      Summ           0%           92%         1
 Blink                    Tloc           N/A          98%         2
 Ensorcelled Hibernation  Hex/Ice        0%           98%         2
 Wereblood                Tmut           0%           98%         2
 Confusing Touch          Hex            0%           100%        3
 Conjure Flame            Conj/Fire      0%           100%        3
 Dazzling Flash           Conj/Hex       0%           100%        3
 Frozen Ramparts          Ice            0%           100%        3
 Gell's Gravitas          Tloc           0%           100%        3
 Inner Flame              Hex/Fire       0%           100%        3
 Lesser Beckoning         Tloc           0%           100%        3
 Ozocubu's Armour         Ice            0%           100%        3
 Spider Form              Tmut/Pois      0%           100%        3
 Teleport Other           Tloc           0%           100%        3
 Tukima's Dance           Hex            0%           100%        3
 Hailstorm                Conj/Ice       0%           100%        4
 Ice Form                 Ice/Tmut       0%           100%        4
 Passage of Golubria      Tloc           N/A          100%        4
 Sticky Flame             Conj/Fire      0%           100%        4
 Summon Ice Beast         Ice/Summ       0%           100%        4
 Blade Hands              Tmut           0%           100%        5
 Fireball                 Conj/Fire      0%           100%        5


Dungeon Overview and Level Annotations

Branches:
Dungeon (12/15)            Temple (1/1) D:7            Lair (6/6) D:11
  Swamp (2/4) Lair:4       Spider (4/4) Lair:4        Slime (0/5) Lair:5
    Orc (0/2) D:11         Bailey (visited)

Altars:
Ashenzari
Cheibriados
Dithmenos
Elyvilon
Fedhas
Gozag
Hepliaklqana
Kikubaaqudgha
Makhleb
Nemelex Xobeh
Okawaru
Qazlal
Ru
Sif Muna
Trog
Uskayaw
Vehumet
Wu Jian
Xom
Yredelemnul
Zin
The Shining One
Jiyva

Annotations:
D:9 exclusion: door
D:11 1 runed translucent door, exclusion: door, DarkShadow's ghost, journeyman MiFi
Lair:2 3 runed translucent doors, exclusion: 3 doors, Pamiuf's ghost, journeyman KoSu
Lair:6 7 exclusions


Innate Abilities, Weirdness & Mutations

You reflexively headbutt those who attack you in melee.
You have a pair of horns on your head.


Message History

The bog body is moderately damaged.
The alligator misses you.
The alligator tail-slaps you but does no damage.
The bog body completely misses you. You furiously retaliate!
You headbutt the bog body. You barely miss the bog body.
The bog body is heavily damaged.
You impale the bog body!!
The bog body is almost destroyed.
The alligator bites you!
* * * LOW HITPOINT WARNING * * *
The alligator barely misses you.
Aiming: Corrosive Bolt
Press: ? - help, Shift-Dir - straight line, f - bog body
Aim: a bog body (almost destroyed, 25% to evade)
The bolt of acid hits the bog body!
The bog body is splashed with acid.
You destroy the bog body!
Okawaru accepts your kill. The alligator bites you!
You die...

♣♣ ♣♣.♣
♣≈≈♣♣ ♣.?.
♣♣≈♣ ♣@≈♣
♣♣.(♣.≈♣ ≈
≈<$D.♣♣♣≈≈.


You could see an alligator (swift, extremely poisoned).

Vanquished Creatures
  3 ghost moths (Spider:4)
  2 emperor scorpions
  An entropy weaver (Spider:1)
  A spark wasp (Spider:3)
  3 eleionomae
  Snorg (Lair:4)
  2 ghost crabs (Swamp:1)
  8 hydras
  A catoblepas (Lair:6)
  6 boulder beetles
  The ghost of lasso the Cleaver, a novice DDFi of Makhleb (D:8)
  A dancing weapon (D:8)
  3 alligators (Swamp:1)
  3 skeletal warriors
  3 goliath frogs (Swamp:1)
  4 swamp dragons
  2 bog bodies
  Pikel (D:9)
  14 orb spiders
  21 wolf spiders
  5 ugly things
  A cyclops (D:11)
  5 elephants (Lair:4)
  2 moths of wrath
  A centaur zombie (D:11)
  3 black mambas
  Joseph (D:7)
  12 cane toads
  2 gargoyles (D:10)
  2 rime drakes
  10 komodo dragons
  7 demonic crawlers
  A kobold demonologist (D:8)
  28 jumping spiders
  2 trolls
  3 polar bears
  3 tyrant leeches
  4 hornets
  6 blink frogs
  12 dream sheep
  45 yaks
  Sigmund (D:3)
  2 spriggans (Lair:3)
  16 tarantellas
  67 redbacks
  A wraith (D:12)
  3 wyverns
  2 steam dragons
  Menkaure (D:5)
  7 swamp worms
  An acid dragon (Lair:6)
  17 water moccasins
  Duvessa (D:7)
  A swamp drake (Lair:6)
  2 orc warriors
  3 sky beasts
  4 black bears
  A necrophage (D:11)
  2 ice beasts
  4 wolves
  7 ogres
  A centaur (D:9)
  2 lemures (D:9)
  14 big kobolds
  Blork the orc (D:5)
  20 bullfrogs
  9 gnoll sergeants
  A wyvern zombie (D:8)
  Dowan (D:7)
  2 scorpions
  An electric eel (Lair:5)
  14 wights
  3 howler monkeys (D:9)
  2 bullfrog zombies
  A quasit (D:9)
  Crazy Yiuf (D:2)
  11 hounds
  2 jellies
  A centaur skeleton (D:9)
  6 gnoll shamans (Bailey)
  5 orc priests
  8 orc wizards
  Ijyb (D:5)
  3 iguanas
  Terence (D:2)
  5 hell rats (Lair:4)
  7 worker ants
  4 hound skeletons
  18 gnolls
  10 adders
  2 shadow imps
  2 white imps
  4 ufetubi
  An ooze (D:1)
  2 adder zombies
  3 worms
  5 dart slugs
  5 leopard geckos
  36 orcs
  8 bats
  9 giant cockroaches
  8 goblins
  13 hobgoblins
  10 jackals
  19 kobolds
  2 quokkas (D:2)
  8 frilled lizards
  A jackal zombie (D:5)
  3 leopard gecko skeletons
  12 rats
687 creatures vanquished.

Vanquished Creatures (collateral kills)
  A hell rat (Lair:4)
1 creature vanquished.

Vanquished Creatures (others)
  68 fungi
  65 plants
133 creatures vanquished.

Grand Total: 821 creatures vanquished

Notes
Turn   | Place    | Note
-------+----------+-------------------------------------------
     0 | D:1      | Electrofox the Minotaur Fighter began the quest for the
                  | Orb.
     0 | D:1      | Reached XP level 1. HP: 19/19 MP: 0/0
    55 | D:1      | Reached XP level 2. HP: 26/26 MP: 1/1
   121 | D:1      | Reached skill level 4 in Shields
   270 | D:1      | Reached XP level 3. HP: 23/31 MP: 2/2
   707 | D:2      | Noticed Terence
   716 | D:2      | Killed Terence
   836 | D:2      | Reached XP level 4. HP: 34/39 MP: 3/3
   975 | D:2      | Found a snail-covered altar of Cheibriados.
  1018 | D:2      | Found an iron altar of Okawaru.
  1042 | D:2      | Became a worshipper of Warmaster Okawaru
  1383 | D:2      | Found a runed translucent door.
  1384 | D:2      | Noticed Crazy Yiuf
  1384 | D:2      | You fall into a shaft and drop 1 floor!
  1394 | D:3      | Reached skill level 5 in Axes
  2174 | D:3      | Reached XP level 5. HP: 39/45 MP: 4/4
  2331 | D:3      | Reached skill level 5 in Shields
  2394 | D:3      | Noticed Sigmund
  3499 | D:3      | Killed Sigmund
  3500 | D:3      | Reached XP level 6. HP: 28/51 MP: 5/5
  3787 | D:4      | Reached * piety under Okawaru
  3789 | D:4      | You fall into a shaft and drop 1 floor!
  3789 | D:5      | Entered Level 5 of the Dungeon
  3886 | D:4      | Reached skill level 6 in Shields
  3992 | D:4      | Reached XP level 7. HP: 26/57 MP: 6/6
  4579 | D:5      | Noticed Ijyb
  4586 | D:5      | Noticed Menkaure
  4598 | D:5      | Killed Menkaure
  4606 | D:5      | Killed Ijyb
  4856 | D:5      | Found a sacrificial altar of Ru.
  4973 | D:5      | Noticed Blork the orc
  4982 | D:5      | Killed Blork the orc
  4983 | D:5      | Reached skill level 7 in Shields
  5143 | D:5      | Reached ** piety under Okawaru
  5423 | D:6      | Found a shadowy altar of Dithmenos.
  5532 | D:6      | Reached skill level 1 in Polearms
  5532 | D:6      | Reached XP level 8. HP: 55/64 MP: 7/7
  5850 | D:6      | Found an opulent altar of Gozag.
  5957 | D:6      | Reached skill level 8 in Shields
  6184 | D:6      | Found a glowing golden altar of the Shining One.
  6184 | D:6      | Found a hazy altar of Hepliaklqana.
  6457 | D:7      | Noticed Joseph
  6957 | D:7      | Killed Joseph
  6958 | D:7      | Reached skill level 5 in Polearms
  6958 | D:7      | Reached skill level 9 in Shields
  7196 | D:7      | Noticed Dowan
  7267 | D:7      | Found an ornate altar of the Wu Jian Council.
  7573 | D:7      | Found a staircase to the Ecumenical Temple.
  7997 | D:7      | Reached XP level 9. HP: 62/70 MP: 8/8
  8101 | D:7      | Noticed Duvessa
  8206 | D:8      | Reached *** piety under Okawaru
  8299 | D:8      | Reached skill level 10 in Shields
  8536 | D:8      | Noticed a kobold demonologist
  8564 | D:7      | Killed Duvessa
  8570 | D:7      | Killed Dowan
  8870 | D:8      | Reached skill level 11 in Shields
  8927 | Temple   | Entered the Ecumenical Temple
  9302 | D:8      | Noticed a soul eater
  9313 | D:8      | Noticed a hellwing
  9348 | D:8      | Noticed an orange demon
  9354 | D:8      | Reached **** piety under Okawaru
  9384 | D:8      | Noticed a red devil
  9384 | D:8      | Killed a kobold demonologist
  9384 | D:8      | Received a gift from Okawaru
  9510 | D:8      | Reached skill level 1 in Invocations
  9511 | D:8      | Reached XP level 10. HP: 75/77 MP: 8/10
  9866 | D:8      | Found a runed translucent door.
  9866 | D:8      | Found a shimmering altar of Xom.
  9866 | D:8      | Noticed lasso's ghost (novice DDFi)
  9867 | D:8      | Noticed a +2 short sword of chaos
  9957 | D:9      | Noticed Pikel
 10318 | D:9      | Reached skill level 12 in Shields
 10328 | D:9      | Found a shimmering blue altar of Sif Muna.
 10555 | D:9      | Found a shimmering blue altar of Sif Muna.
 10656 | D:9      | Found a broken altar of Ashenzari.
 10679 | D:9      | Killed Pikel
 10679 | D:9      | Reached ***** piety under Okawaru
 10680 | D:9      | Reached skill level 10 in Polearms
 10680 | D:9      | Reached skill level 5 in Invocations
 11156 | D:10     | Entered Level 10 of the Dungeon
 11841 | D:10     | Reached XP level 11. HP: 68/82 MP: 13/13
 12150 | D:2      | Killed Crazy Yiuf
 12150 | D:2      | Received a gift from Okawaru
 12151 | D:2      | Got a fine glaive {god gift}
 12175 | D:2      | Identified the +9 glaive of Okawaru's Pride {vorpal, rC++}
                  | (Okawaru gifted it to you on level 2 of the Dungeon)
 12417 | D:10     | Noticed a skeletal warrior
 12417 | D:10     | Noticed a skeletal warrior
 12418 | D:10     | Noticed a skeletal warrior
 12432 | D:9      | Killed a skeletal warrior
 12734 | D:10     | Reached skill level 13 in Shields
 13047 | D:10     | Noticed a skeletal warrior
 13306 | D:10     | Reached skill level 1 in Slings
 13505 | D:11     | Found a staircase to the Orcish Mines.
 13543 | D:11     | Noticed a purple ugly thing
 13556 | D:11     | Killed a purple ugly thing
 13796 | D:11     | Found a flagged portal.
 13811 | Bailey   | Entered a bailey
 14246 | Bailey   | Reached skill level 5 in Fighting
 14746 | D:11     | Found a runed translucent door.
 14748 | D:11     | Found a shimmering altar of Xom.
 14748 | D:11     | Noticed DarkShadow's ghost (journeyman MiFi)
 14748 | D:11     | Noticed a +2 flail of chaos
 14790 | D:11     | Received a gift from Okawaru
 15017 | D:11     | Reached skill level 5 in Armour
 15178 | D:11     | Found a staircase to the Lair.
 15308 | D:11     | Received a gift from Okawaru
 15761 | D:12     | Noticed a white ugly thing
 15764 | D:12     | Noticed an eight-headed hydra
 15777 | D:12     | Killed a white ugly thing
 15912 | D:12     | Noticed a white ugly thing
 15914 | D:12     | Noticed a boulder beetle
 15924 | D:12     | Killed a white ugly thing
 15952 | D:11     | Killed a boulder beetle
 16284 | D:12     | Noticed a purple ugly thing
 16298 | D:12     | Killed a purple ugly thing
 16298 | D:12     | Received a gift from Okawaru
 16298 | D:12     | Reached ****** piety under Okawaru
 16299 | D:12     | Noticed a white ugly thing
 16310 | D:12     | Killed a white ugly thing
 16471 | D:12     | Killed an eight-headed hydra
 16472 | D:12     | Reached XP level 12. HP: 39/101 MP: 14/14
 16733 | D:12     | Identified the +2 short sword of Contention {freeze, *Noise
                  | rElec rN+}
 16745 | D:12     | Noticed a boulder beetle
 16769 | D:12     | Killed a boulder beetle
 16937 | Lair:1   | Entered Level 1 of the Lair of Beasts
 16982 | Lair:1   | Reached skill level 5 in Slings
 17078 | Lair:1   | Noticed a five-headed hydra
 17085 | Lair:1   | Killed a five-headed hydra
 17123 | Lair:1   | Received a gift from Okawaru
 17791 | Lair:2   | Reached skill level 10 in Fighting
 18185 | Lair:2   | Found a runed translucent gate.
 18185 | Lair:2   | Found a runed translucent gate.
 18185 | Lair:2   | Found a runed translucent gate.
 18188 | Lair:2   | Found a viscous altar of Jiyva.
 18188 | Lair:2   | Noticed Pamiuf's ghost (journeyman KoSu)
 18989 | Lair:3   | Noticed an eight-headed hydra
 19006 | Lair:3   | Killed an eight-headed hydra
 19055 | Lair:3   | Reached skill level 14 in Shields
 19349 | Lair:3   | Reached XP level 13. HP: 113/113 MP: 15/15
 19858 | Lair:4   | Noticed Snorg
 19873 | Lair:4   | Killed Snorg
 20099 | Lair:4   | Received a gift from Okawaru
 20284 | Lair:4   | Found a staircase to the Swamp.
 20398 | Lair:4   | Found a hole to the Spider Nest.
 20624 | Lair:3   | Received a gift from Okawaru
 20633 | Lair:4   | Reached skill level 15 in Shields
 20790 | Lair:4   | Reached skill level 1 in Throwing
 20860 | Lair:4   | Received a gift from Okawaru
 20875 | Lair:4   | Reached skill level 10 in Armour
 20890 | Lair:4   | Got a pitted plate armour {god gift}
 20913 | Lair:4   | Identified the +11 plate armour of Okawaru's Hope {-Tele
                  | rC++ Dex+3} (Okawaru gifted it to you on level 4 of the
                  | Lair of Beasts)
 22182 | Lair:5   | Found a staircase to the Slime Pits.
 22821 | Lair:6   | Entered Level 6 of the Lair of Beasts
 23832 | Spider:1 | Entered Level 1 of the Spider Nest
 23848 | Spider:1 | Reached XP level 14. HP: 122/122 MP: 18/18
 24071 | Spider:1 | Reached skill level 5 in Throwing
 24086 | Spider:1 | Received a gift from Okawaru
 25334 | Spider:2 | Received a gift from Okawaru
 26783 | Spider:3 | Noticed an emperor scorpion
 26805 | Spider:3 | Killed an emperor scorpion
 27845 | Spider:4 | Entered Level 4 of the Spider Nest
 27892 | Spider:4 | Noticed a ghost moth
 27905 | Spider:4 | Killed a ghost moth
 27905 | Spider:4 | Received a gift from Okawaru
 27937 | Spider:4 | Reached XP level 15. HP: 70/134 MP: 2/19
 27939 | Spider:4 | Got a pearl-encrusted plate armour {god gift}
 28197 | Spider:3 | Identified the +1 plate armour of Peonaa Deast {rElec rF+
                  | rN+ Int+3} (Okawaru gifted it to you on level 4 of the
                  | Spider Nest)
 29015 | Spider:4 | Got an ichor-stained battleaxe
 29019 | Spider:4 | Identified the +5 battleaxe of Antique Fortitude {protect,
                  | *Noise *Drain rElec rPois SInv} (You found it on level 4 of
                  | the Spider Nest)
 29043 | Spider:4 | Noticed a ghost moth
 29063 | Spider:4 | Killed a ghost moth
 29353 | Spider:4 | Got a steaming plate armour
 29355 | Spider:4 | Identified the +1 plate armour of the Saviour {*Drain rF+
                  | rC+ MP+9} (You found it on level 4 of the Spider Nest)
 29432 | Spider:4 | Reached skill level 10 in Slings
 30480 | Spider:4 | Noticed a ghost moth
 30493 | Spider:4 | Killed a ghost moth
 30876 | Spider:4 | Noticed a ghost moth
 30877 | Spider:4 | Paralysed by a hornet for 1 turns
 30947 | Spider:4 | Received a gift from Okawaru
 31921 | D:8      | Killed lasso's ghost
 32151 | Swamp:1  | Entered Level 1 of the Swamp
 32500 | Swamp:1  | Reached skill level 1 in Evocations
 32823 | Swamp:1  | HP: 6/137 [eleionoma/spray of wooden splinters (31)]
 33365 | Swamp:1  | Received a gift from Okawaru
 33679 | Swamp:1  | Received a gift from Okawaru
 34322 | Swamp:1  | Received a gift from Okawaru
 34323 | Swamp:1  | Got a buzzing executioner's axe {god gift}
 34326 | Swamp:1  | Identified the +10 executioner's axe "Daiso" {elec, Fragile
                  | rF+ MP+9 Int+3} (Okawaru gifted it to you on level 1 of the
                  | Swamp)
 34637 | Swamp:2  | HP: 4/138 [alligator (17)]
 34638 | Swamp:2  | Mangled by an alligator

Illustrated notes

Levels and vault maps discovered:
D:1:      dpeg_arrival_shrine, layout_rooms, chequers_mini_garden,
          hangedman_decor_clover_reticule
D:2:      layout_loops_corners, lemuel_round_altar, okawaru_ov_weapons_minmay,
          uniq_terence, uniq_crazy_yiuf_cottage
D:3:      layout_basic, uniq_sigmund
D:4:      layout_cave_pools
D:5:      layout_loops_cross, hangedman_ru_absence, uniq_menkaure, uniq_ijyb,
          uniq_blork_the_orc
D:6:      layout_loops_cross, nicolae_overflow_crystal_walls,
          kennysheep_little_box, gammafunk_temple_overflow_elements,
          serial_glass, glass_columns_a, glass_columns_c, hex_medium,
          chequers_serial_rivers_small_b, minivault_22
D:7:      layout_cave_pods, lemuel_crystal_altar,
          minmay_temple_entry_butterflies, uniq_joseph, uniq_duvessa
D:8:      layout_cave_pools, ebering_ghost_xom, special_room
          [special_room_kobold], minmay_crossroads
D:9:      layout_roguey, lemuel_crystal_altar, evilmike_ruin_ashenzari,
          led_sif_book, uniq_pikel
D:10:     layout_loops_corners
D:11:     layout_stronghold, due_lair_maze_entry_diamond, enter_bailey_8,
          ebering_ghost_xom
D:12:     layout_roguey, minmay_circle_x
Temple:   nicolae_temple_figure_eight
Lair:1:   layout_loops_ring, beast_lair_carwin_2
Lair:2:   layout_loops_ring, gammafunk_ghost_ooze
Lair:3:   layout_gridlike, forest_entry_grove
Lair:4:   layout_long_grid, palyth_hydra_swamp_entry,
          nicolae_spider_entry_tight_spaces, lemuel_old_faithful,
          infiniplex_staircase_pool, uniq_snorg
Lair:5:   layout_cave_pods, slime_dummy, serial_bayou_shore_a
Lair:6:   minmay_lair_end_enchanted_forest, layout_loops_ring,
          guppyfry_lair_drakes, grunt_megastairs_1, infiniplex_staircase_pool_2,
          lemuel_fruit_fields
Swamp:1:  layout_basic_swamp, nicolae_swamp_round_clearing
Swamp:2:  layout_falls_marsh, evilmike_swamp_ruin_house_4, swamp_pool1
Spider:1: layout_spider_delve
Spider:2: layout_spider_delve, nicolae_spider_circle_web
Spider:3: layout_spider_delve
Spider:4: spider_rune_water

Skill      XL: |  1  2  3  4  5  6  7  8  9 10 11 12 13 14 15 |
---------------+----------------------------------------------+-----
Axes           | 3 4 5 6 7 9 |  9.5
Shields        | 4 5 6 7 9 11 12 13 14 15 | 15.0
Polearms       | 1 5 9 11 12 | 12.9
Invocations    | 1 5 6 7 |  7.0
Fighting       | 8 10 12 14 | 14.1
Slings         | 4 7 8 9 11 | 11.2
Armour         | 6 8 11 12 13 | 13.3
Throwing       | 4 7 9 |  9.6
Evocations     | 2 |  2.3

Action                   |  1- 3 |  4- 6 |  7- 9 | 10-12 | 13-15 || total
-------------------------+-------+-------+-------+-------+-------++-------
Melee: War axe           |    66 |   184 |    52 |       |       ||   302
       Headbutt          |     7 |    19 |    40 |   130 |   284 ||   480
       Trident           |       |       |   265 |   839 |  1342 ||  2446
       Unarmed           |       |       |     9 |       |       ||     9
       Glaive            |       |       |       |    35 |    13 ||    48
       Flail             |       |       |       |       |    17 ||    17
       Executioner's axe |       |       |       |       |     6 ||     6
 Fire: Hunting sling     |       |       |    94 |    41 |       ||   135
       Fustibalus        |       |       |       |    68 |   122 ||   190
Throw: Dart              |       |    14 |    15 |    25 |   144 ||   198
       Javelin           |       |       |       |    21 |    16 ||    37
       Throwing net      |       |       |       |     1 |       ||     1
Invok: Heroism           |       |       |       |     3 |    15 ||    18
       Finesse           |       |       |       |     2 |    14 ||    16
Evoke: Wand              |       |       |       |     1 |    20 ||    21
       Condenser vane    |       |       |       |       |     2 ||     2
       Box of beasts     |       |       |       |       |     2 ||     2
  Use: Scroll            |       |     2 |     7 |     9 |    15 ||    33
       Potion            |       |       |       |       |     2 ||     2
 Stab: Confused          |       |       |       |       |     1 ||     1
Armor: Scale mail        |    23 |     1 |       |       |       ||    24
       Chain mail        |       |    78 |    79 |    50 |       ||   207
       Skin              |       |       |     1 |       |       ||     1
       Crystal plate arm |       |       |       |    51 |       ||    51
       Plate armour      |       |       |       |    44 |   561 ||   605
Dodge: Dodged            |    24 |    32 |    86 |   143 |   358 ||   643
Block: Kite shield       |    31 |   100 |   156 |   322 |   761 ||  1370
